 Dungeon Crawl Stone Soup version 0.26-a0-652-gafc20e3620 (webtiles) character file.

Game seed: 17617706598572112745

154312 Gargoyl the Distorting Gnoll (level 17, -25/136 HPs)
             Began as a Gnoll Abyssal Knight on Oct 4, 2020.
             Was a Believer of Lugonu.
             Killed from afar by Nikola (32 damage)
             ... with a chain lightning
             ... on level 2 of the Snake Pit.
             The game lasted 01:02:55 (42282 turns).

Gargoyl the Distorting Gnoll (GnAK)                Turns: 42282, Time: 01:02:56

Health: -25/136    AC: 26    Str: 22    XL:     17   Next: 62%
Magic:  2/32       EV: 13    Int: 14    God:    Lugonu [**....]
Gold:   1711       SH: 19    Dex: 17    Spells: 39/39 levels left

rFire    + . .     SeeInvis .   a - +8 hand axe (flame)
rCold    . . .     Faith    .   p - +1 kite shield
rNeg     . . .     Spirit   .   U - +1 plate armour {rPois}
rPois    +         Reflect  +   w - +2 hat {MR+}
rElec    .         Harm     .   A - +2 cloak
rCorr    .         Rampage  .   F - +2 pair of gloves
MR       +++..     Clarity  +   e - +2 pair of boots
Stlth    ++........             N - amulet of reflection
HPRegen  0.32/turn              s - +4 ring of slaying
MPRegen  0.23/turn              J - ring of protection from fire

@: no status effects
A: distributed training, fangs 1, slimy green scales 1, thin skeletal structure
1, clarity, clumsy 1, deformed body, magic resistance 1, strong 1, evolution 1,
strong nose
a: Depart the Abyss, Bend Space, Renounce Religion


You were on level 2 of the Snake Pit.
You worshipped Lugonu.
Lugonu was pleased with you.
You visited 4 branches of the dungeon, and saw 26 of its levels.
You visited the Abyss 2 times.
You also visited: Gauntlet.

You collected 2567 gold pieces.
You spent 856 gold pieces at shops.

Inventory:

Hand Weapons
 a - a +8 hand axe of flaming (weapon)
 H - the +4 war axe of Watchfulness {flame, SInv Stlth+}
   (You found it on level 4 of the Lair of Beasts)

   It has been specially enchanted to burn those struck by it, causing extra
   injury to most foes and up to half again as much damage against particularly
   susceptible opponents.
   Big, fiery blades are also staple armaments of hydra-hunters.
   It lets you see invisible.
   It makes you more stealthy.
 R - the +6 battleaxe of Rioruc {elec, +Rage rPois rN+ Int-5}
   (You took it off a necromancer in a Gauntlet)

   Occasionally, upon striking a foe, it will discharge some electrical energy
   and cause terrible harm.
   It affects your intelligence (-5).
   It protects you from poison.
   It protects you from negative energy.
   It lets you go berserk.
 T - a +2 vorpal broad axe
Missiles
 m - 76 poisoned darts (quivered)
Armour
 e - a +2 pair of boots (worn)
 p - a +1 kite shield (worn)
 w - a +2 hat of magic resistance (worn)
 A - a +2 cloak (worn)
 F - a +2 pair of gloves (worn)
 G - a +2 scale mail of fire resistance
 O - the +3 chain mail of Makhleb's Favour {+Fly Str+4}
   (You took it off a crimson imp on level 10 of the Dungeon)

   It affects your strength (+4).
   It lets you fly.
 U - a +1 plate armour of poison resistance (worn)
Jewellery
 h - an uncursed ring of poison resistance
 q - an uncursed ring of flight
 s - a +4 ring of slaying (left hand)
 I - an uncursed ring of protection from cold
 J - a ring of protection from fire (right hand)
 N - an amulet of reflection (around neck)
 S - an uncursed ring of protection from cold
Wands
 d - a wand of iceblast (20)
 B - a wand of digging (5)
 C - a wand of paralysis (5)
 D - a wand of disintegration (33)
 P - a wand of polymorph (3)
 V - a wand of random effects (20)
Scrolls
 g - 6 scrolls of teleportation
 k - 6 scrolls of identify
 l - 4 scrolls of blinking
 o - 3 scrolls of magic mapping
 u - 11 scrolls of remove curse
 y - 4 scrolls of fear
 L - a scroll of summoning
Potions
 b - 3 potions of invisibility
 c - 5 potions of cancellation
 i - 4 potions of flight
 j - 2 potions of might
 n - 6 potions of curing
 t - 4 potions of haste
 v - 3 potions of ambrosia
 x - 2 potions of magic
 z - 10 potions of stabbing
 K - 3 potions of brilliance
 M - a potion of berserk rage


   Skills:
 + Level 13.1 Fighting
 + Level 11.6 Short Blades
 + Level 11.6 Long Blades
 + Level 12.4 Axes
 + Level 11.6 Maces & Flails
 + Level 11.6 Polearms
 + Level 11.6 Staves
 + Level 11.6 Slings
 + Level 11.6 Bows
 + Level 11.6 Crossbows
 + Level 11.6 Throwing
 + Level 12.4 Armour
 + Level 11.9 Dodging
 + Level 11.6 Stealth
 + Level 11.6 Shields
 + Level 11.6 Unarmed Combat
 + Level 11.6 Spellcasting
 + Level 9.9 Conjurations
 + Level 9.9 Hexes
 + Level 9.9 Summonings
 + Level 9.9 Necromancy
 + Level 9.9 Translocations
 + Level 9.9 Transmutations
 + Level 9.9 Fire Magic
 + Level 9.9 Ice Magic
 + Level 9.9 Air Magic
 + Level 9.9 Earth Magic
 + Level 9.9 Poison Magic
 + Level 13.2 Invocations
 + Level 11.6 Evocations


You had 39 spell levels left.
You didn't know any spells.
Your spell library contained the following spells:

 Spells                   Type           Power        Failure   Level
 Animate Skeleton         Necr           #####.       2%          1
 Apportation              Tloc           #####.       2%          1
 Corona                   Hex            #####..      2%          1
 Shock                    Conj/Air       ####         2%          1
 Summon Small Mammal      Summ           ####         2%          1
 Call Imp                 Summ           #####...     3%          2
 Poisonous Vapours        Pois/Air       #####.       3%          2
 Searing Ray              Conj           #####.       3%          2
 Swiftness                Air            #####...     3%          2
 Call Canine Familiar     Summ           #####...     8%          3
 Conjure Flame            Conj/Fire      #####...     8%          3
 Ignite Poison            Fire/Tmut/Pois #####...     8%          3
 Mephitic Cloud           Conj/Pois/Air  #####...     8%          3
 Static Discharge         Conj/Air       #####...     8%          3
 Summon Guardian Golem    Hex/Summ       #####...     8%          3
 Airstrike                Air            #####.....   26%         4
 Animate Dead             Necr           #####.....   26%         4
 Summon Ice Beast         Ice/Summ       #####...     26%         4
 Summon Lightning Spire   Summ/Air       #####...     26%         4
 Bolt of Magma            Conj/Fire/Erth #####.....   56%         5
 Borgnjor's Vile Clutch   Necr/Erth      #####.....   56%         5
 Iskenderun's Battlesphe  Conj           #####...     56%         5
 Lightning Bolt           Conj/Air       #####.....   56%         5
 Conjure Ball Lightning   Conj/Air       #####.....   98%         6
 Death Channel            Necr           #####.....   98%         6
 Freezing Cloud           Conj/Ice/Air   #####.....   98%         6
 Iron Shot                Conj/Erth      #####.....   98%         6
 Simulacrum               Ice/Necr       #####.....   98%         6
 Orb of Destruction       Conj           #####.....   100%        7
 Spellforged Servitor     Conj/Summ      #####.....   100%        7


Dungeon Overview and Level Annotations

Branches:
Dungeon (15/15)            Temple (0/1) D:5            Lair (6/6) D:8
 Shoals (0/4) Lair:3        Snake (3/4) Lair:3        Slime (0/5) Lair:5
    Orc (2/2) D:12            Elf (0/3) Orc:2        Vaults (0/5) D:13
 Depths (0/5) D:15        Gauntlet (visited)

Altars:
Ashenzari
Dithmenos
Elyvilon
Fedhas
Gozag
Makhleb
Okawaru
Qazlal
Ru
Trog
Uskayaw
Vehumet
Wu Jian
Xom
Yredelemnul
Zin
The Shining One
Beogh

Shops:
D:6 ?!   D:7 (   Orc:2 !*!*

Portals:
Trove: D:10 (give +6 demon whip)

Annotations:
Snake:2 Nikola


Innate Abilities, Weirdness & Mutations

Your experience applies equally to all skills.
You have very sharp teeth.
Your uncanny sense of smell can sniff out nearby items.
You are partially covered in slimy green scales. (AC +2)
You have a somewhat thin skeletal structure. (Dex +2, Stealth)
You possess an exceptional clarity of mind.
You are clumsy. (Dex -2)
Armour fits poorly on your strangely shaped body.
You are resistant to hostile enchantments. (MR+)
Your muscles are strong. (Str +2)
You evolve.


Message History

Nikola resists with almost no effort.
Nikola hits you but does no damage.
Press: ? - help, Shift-Dir - straight line, f/p - Nikola
Aim: Nikola, wielding a +0 rapier of electrocution, wearing a +0 cloak and wearing a +0 pair of gloves (moderately wounded, chance to defeat MR: 14%) Nikola resists with almost no effort.
Press: ? - help, Shift-Dir - straight line, f/p - Nikola
Aim: Nikola, wielding a +0 rapier of electrocution, wearing a +0 cloak and wearing a +0 pair of gloves (moderately wounded, chance to defeat MR: 14%) Nikola resists with almost no effort.
Nikola hits you but does no damage.
Press: ? - help, Shift-Dir - straight line, f/p - Nikola
Aim: Nikola, wielding a +0 rapier of electrocution, wearing a +0 cloak and wearing a +0 pair of gloves (moderately wounded, chance to defeat MR: 14%) Nikola resists with almost no effort.
You can no longer banish your foes.
Nikola gestures at you while chanting. The zap misses you.
You feel better.
Nikola mumbles some strange words.
You hear a mighty clap of thunder!
The lightning arc hits you!!
* * * LOW HITPOINT WARNING * * *
The lightning arc hits Nikola.
The lightning arc hits you!!
You die...

.## #.......# ##.#...###
## #.......# #.......### #
#.......# #........##
#......## #..........
##......# ##.........
#......###### #.........
#...).###...#####.........
#..)..###.@...............
##...###)@...............#
### ##..#
#..............†.## ..####
#### #..........÷[....#
.....# #...............##
....## #........(......#
....# #...............#
...## ##.............##
..## #....#####....# .##
##### ##..## ####.#


You could see Nikola.

Vanquished Creatures
  Gastronok (D:9)
  Kirke (D:15)
  2 nagarajas (Snake:2)
  The ghost of GsBirdie the Severer, a journeyman MiBe of Trog (Lair:6)
  Nessos (D:14)
  2 stone giants
  Azrael (Orc:1)
  A minotaur (Gauntlet)
  Snorg (Lair:3)
  A yaktaur captain (D:15)
  Josephine (D:14)
  9 vault guards
  9 naga warriors
  9 hydras
  5 anacondas
  5 centaur warriors
  Erica (D:9)
  5 death yaks
  A tengu warrior (D:15)
  4 two-headed ogres
  4 naga sharpshooters
  3 orc high priests (Orc:2)
  10 shock serpents
  3 fire crabs
  2 naga ritualists
  6 orc knights (Orc:2)
  A necromancer (Gauntlet)
  A wolf spider zombie (D:15)
  7 ugly things
  8 mana vipers
  4 salamanders
  Pikel (D:5)
  A wolf spider (Lair:1)
  An oklob plant (Lair:2)
  3 deep elf magi
  4 cyclopes
  4 orc sorcerers
  7 elephants
  A guardian serpent (Lair:3)
  A moth of wrath (Gauntlet)
  24 cane toads
  39 black mambas
  9 naga magi
  A rime drake (Lair:5)
  An efreet (D:13)
  A minotaur zombie (Gauntlet)
  9 komodo dragons
  A kobold demonologist (D:13)
  A yaktaur (D:15)
  2 tengu conjurers (D:15)
  8 trolls
  3 hornets
  A queen bee (Lair:3)
  A polar bear (Lair:3)
  A wolf spider simulacrum (D:15)
  4 tyrant leeches
  A dream sheep (Lair:2)
  4 slime creatures (D:13)
  19 blink frogs
  10 hippogriffs
  A snapping turtle (Lair:3)
  A spriggan (Lair:3)
  A shadow (D:15)
  3 wraiths (D:14)
  3 wyverns
  32 yaks
  A vampire (D:12)
  3 fire elementals
  6 fire bats (Gauntlet)
  A basilisk (Lair:4)
  A spectral fire crab (Lair:6)
  A steam dragon (D:13)
  2 death yak simulacra (Lair:6)
  A human (shapeshifter) (D:15)
  6 hogs (D:15)
  6 vampire mosquitoes (Lair:6)
  6 wargs
  2 swamp worms (Lair:2)
  Menkaure (D:7)
  An acid dragon (D:14)
  23 nagas
  A hell hound (Orc:2)
  18 water moccasins
  A soldier ant (D:12)
  11 porcupines
  5 sky beasts
  5 black bears
  A black mamba simulacrum (Lair:6)
  An ice beast (D:8)
  A hornet zombie (D:11)
  36 orc warriors
  2 eyes of draining
  A phantom (D:12)
  8 centaurs
  12 ogres
  13 wolves
  9 crocodiles
  An elf zombie (D:15)
  2 big kobolds
  27 bullfrogs
  A wyvern zombie (D:6)
  An elf skeleton (D:15)
  3 scorpions
  3 water moccasin skeletons
  37 killer bees
  3 vampire bats (D:13)
  5 wights
  3 electric eels
  6 howler monkeys
  9 crimson imps (D:10)
  4 centaur zombies
  A komodo dragon simulacrum (Lair:6)
  2 bullfrog zombies
  5 hounds
  8 human zombies (D:15)
  A quasit (D:13)
  18 orc priests
  A jelly (D:11)
  38 orc wizards
  3 centaur skeletons
  2 bullfrog skeletons
  4 iguanas
  A human skeleton (D:15)
  11 worker ants
  A hound zombie (D:6)
  2 hound skeletons (D:8)
  2 worker ant zombies
  A gnoll (D:1)
  22 adders
  2 howler monkey skeletons
  2 shadow imps
  3 white imps
  An ufetubus (D:7)
  An adder skeleton (D:8)
  3 adder zombies
  A worm (D:3)
  A dart slug (D:1)
  2 leopard geckos (D:5)
  101 orcs
  5 giant cockroaches
  3 goblins
  6 hobgoblins
  10 jackals
  5 quokkas
  11 bats
  6 frilled lizards
  A giant cockroach zombie (D:6)
  19 kobolds
  A leopard gecko zombie (D:5)
  A quokka zombie (D:9)
  7 rats
  A bush (Lair:2)
921 creatures vanquished.

Vanquished Creatures (others)
  An obsidian statue (Gauntlet)
  A guardian serpent (Snake:3)
  A tyrant leech (Gauntlet)
  3 nagas (Snake:3)
  4 swamp worms (Gauntlet)
  84 fungi
  195 plants
289 creatures vanquished.

Grand Total: 1210 creatures vanquished

Notes
Turn   | Place    | Note
-------+----------+-------------------------------------------
     0 | Abyss:1  | Gargoyl the Gnoll Abyssal Knight began the quest for the
                  | Orb.
     0 | Abyss:1  | Reached XP level 1. HP: 23/23 MP: 3/3
    35 | Abyss:2  | Found a corrupted altar of Lugonu.
    75 | Abyss:2  | Noticed a ynoxinul
   151 | Abyss:3  | Noticed a wretched star
   152 | Abyss:3  | Noticed a ynoxinul
   155 | Abyss:3  | Noticed a raiju
   156 | Abyss:3  | Noticed a small abomination
   158 | Abyss:3  | Noticed a raiju
   161 | D:1      | Escaped the Abyss
   321 | D:1      | Reached * piety under Lugonu
   321 | D:1      | Reached XP level 2. HP: 22/23 MP: 5/5
   543 | D:1      | Reached XP level 3. HP: 10/28 MP: 6/6
  1386 | D:2      | Reached skill level 1 in Short Blades
  1386 | D:2      | Reached skill level 1 in Long Blades
  1386 | D:2      | Reached skill level 1 in Maces & Flails
  1386 | D:2      | Reached skill level 1 in Polearms
  1386 | D:2      | Reached skill level 1 in Staves
  1386 | D:2      | Reached skill level 1 in Slings
  1386 | D:2      | Reached skill level 1 in Bows
  1386 | D:2      | Reached skill level 1 in Crossbows
  1386 | D:2      | Reached skill level 1 in Throwing
  1386 | D:2      | Reached skill level 1 in Stealth
  1386 | D:2      | Reached skill level 1 in Shields
  1386 | D:2      | Reached skill level 1 in Unarmed Combat
  1386 | D:2      | Reached skill level 1 in Spellcasting
  1386 | D:2      | Reached skill level 1 in Evocations
  1396 | D:2      | Reached XP level 4. HP: 19/32 MP: 7/7
  2597 | D:3      | Reached skill level 1 in Conjurations
  2597 | D:3      | Reached skill level 1 in Hexes
  2597 | D:3      | Reached skill level 1 in Summonings
  2597 | D:3      | Reached skill level 1 in Necromancy
  2597 | D:3      | Reached skill level 1 in Translocations
  2597 | D:3      | Reached skill level 1 in Transmutations
  2597 | D:3      | Reached skill level 1 in Fire Magic
  2597 | D:3      | Reached skill level 1 in Ice Magic
  2597 | D:3      | Reached skill level 1 in Air Magic
  2597 | D:3      | Reached skill level 1 in Earth Magic
  2597 | D:3      | Reached skill level 1 in Poison Magic
  3239 | D:4      | Found a bloodstained altar of Trog.
  3276 | D:4      | Found a blossoming altar of Fedhas.
  3368 | D:4      | Identified the +1 plate armour "Bucaptoj" {Str+2}
  3374 | D:4      | Reached XP level 5. HP: 41/42 MP: 8/8
  3551 | D:4      | Reached skill level 5 in Invocations
  3551 | D:4      | Reached XP level 6. HP: 44/47 MP: 9/9
  3749 | D:4      | Found an opulent altar of Gozag.
  3784 | D:4      | Reached skill level 5 in Axes
  3784 | D:4      | Reached skill level 5 in Armour
  3918 | D:4      | Found a basalt altar of Yredelemnul.
  3919 | D:4      | Found a sacrificial altar of Ru.
  3921 | D:4      | Found a white marble altar of Elyvilon.
  4023 | D:4      | Found a hide-covered altar of Uskayaw.
  4099 | D:5      | Entered Level 5 of the Dungeon
  4130 | D:5      | Reached XP level 7. HP: 46/53 MP: 10/10
  4223 | D:5      | Reached ** piety under Lugonu
  4375 | D:5      | Found a staircase to the Ecumenical Temple.
  4529 | D:5      | Found a broken altar of Ashenzari.
  4570 | D:5      | Found a burning altar of Makhleb.
  5084 | D:5      | Reached XP level 8. HP: 67/67 MP: 12/12
  5236 | D:6      | Noticed Pikel
  5259 | D:5      | Killed Pikel
  5657 | D:6      | Reached XP level 9. HP: 72/72 MP: 14/14
  5965 | D:6      | Found Niutt's Magic Scroll Boutique.
  5970 | D:6      | Bought a scroll of teleportation for 39 gold pieces
  5970 | D:6      | Bought a scroll of teleportation for 39 gold pieces
  6090 | D:6      | Found Anaozaid's Distillery.
  6097 | D:6      | Bought 2 potions of heal wounds for 130 gold pieces
  6126 | D:6      | Found a glowing silver altar of Zin.
  6240 | D:7      | Found Ocammuvu's Weapon Shop.
  6396 | D:7      | Reached *** piety under Lugonu
  6583 | D:7      | Found an iron altar of Okawaru.
  6639 | D:7      | Reached skill level 5 in Dodging
  6682 | D:7      | Noticed Menkaure
  6694 | D:7      | Killed Menkaure
  7111 | D:7      | You fall into a shaft and drop 2 floors!
  7595 | D:8      | Found an ornate altar of the Wu Jian Council.
  7595 | D:8      | Found an iron altar of Okawaru.
  7641 | D:8      | Found a staircase to the Lair.
  7717 | D:8      | Reached XP level 10. HP: 67/80 MP: 14/17
  7915 | D:9      | Noticed Gastronok
  7933 | D:9      | Killed Gastronok
  7933 | D:9      | Reached skill level 5 in Short Blades
  7933 | D:9      | Reached skill level 5 in Long Blades
  7933 | D:9      | Reached skill level 5 in Maces & Flails
  7933 | D:9      | Reached skill level 5 in Polearms
  7933 | D:9      | Reached skill level 5 in Staves
  7933 | D:9      | Reached skill level 5 in Slings
  7933 | D:9      | Reached skill level 5 in Bows
  7933 | D:9      | Reached skill level 5 in Crossbows
  7933 | D:9      | Reached skill level 5 in Throwing
  7933 | D:9      | Reached skill level 5 in Stealth
  7933 | D:9      | Reached skill level 5 in Shields
  7933 | D:9      | Reached skill level 5 in Unarmed Combat
  7933 | D:9      | Reached skill level 5 in Spellcasting
  7933 | D:9      | Reached skill level 5 in Evocations
  8206 | D:9      | Noticed Erica
  8245 | D:9      | Killed Erica
  8254 | D:9      | Reached **** piety under Lugonu
  8260 | D:9      | Reached XP level 11. HP: 31/87 MP: 9/19
  8648 | D:9      | Reached skill level 5 in Conjurations
  8648 | D:9      | Reached skill level 5 in Hexes
  8648 | D:9      | Reached skill level 5 in Summonings
  8648 | D:9      | Reached skill level 5 in Necromancy
  8648 | D:9      | Reached skill level 5 in Translocations
  8648 | D:9      | Reached skill level 5 in Transmutations
  8648 | D:9      | Reached skill level 5 in Fire Magic
  8648 | D:9      | Reached skill level 5 in Ice Magic
  8648 | D:9      | Reached skill level 5 in Air Magic
  8648 | D:9      | Reached skill level 5 in Earth Magic
  8648 | D:9      | Reached skill level 5 in Poison Magic
  9074 | D:9      | Found a glowing golden altar of the Shining One.
  9201 | D:9      | Found a broken altar of Ashenzari.
  9244 | D:10     | Entered Level 10 of the Dungeon
  9274 | Lair:1   | Entered Level 1 of the Lair of Beasts
  9409 | Lair:1   | Noticed a wolf spider
  9414 | Lair:1   | Noticed a wolf spider
  9428 | Lair:1   | Reached ***** piety under Lugonu
  9428 | Lair:1   | Banished a wolf spider
  9429 | Lair:1   | Banished a wolf spider
 10481 | Lair:1   | Noticed a six-headed hydra
 10483 | Lair:1   | Banished a six-headed hydra
 10584 | Lair:1   | Noticed a wolf spider
 10598 | Lair:1   | Killed a wolf spider
 10598 | Lair:1   | Reached XP level 12. HP: 59/96 MP: 13/22
 11157 | Lair:2   | Gained mutation: You evolve. [potion of mutation]
 11157 | Lair:2   | Gained mutation: You have a somewhat thin skeletal
                  | structure. (Dex +2, Stealth) [potion of mutation]
 11401 | Lair:2   | You fall into a shaft and drop 1 floor!
 11940 | Lair:2   | Noticed a death yak
 11940 | Lair:2   | Noticed a death yak
 11941 | Lair:2   | Noticed a death yak
 11979 | Lair:2   | Killed a death yak
 11987 | Lair:2   | Killed a death yak
 12002 | Lair:2   | Killed a death yak
 12158 | Lair:2   | Gained mutation: Scrolls take you a little longer to read.
                  | [evolution]
 13320 | Lair:3   | Found a staircase to the Snake Pit.
 13339 | Lair:3   | Reached skill level 10 in Fighting
 13471 | Lair:3   | Found a staircase to the Shoals.
 14374 | Lair:3   | Gained mutation: You tend to lose your temper in combat.
                  | [evolution]
 14374 | Lair:3   | Lost mutation: You evolve. [end of evolution]
 14427 | Lair:3   | Reached XP level 13. HP: 70/103 MP: 18/24
 14698 | Lair:3   | Lost mutation: Scrolls take you a little longer to read.
                  | [potion of mutation]
 14698 | Lair:3   | Lost mutation: You tend to lose your temper in combat.
                  | [potion of mutation]
 14698 | Lair:3   | Gained mutation: You are resistant to hostile enchantments.
                  | (MR+) [potion of mutation]
 14698 | Lair:3   | Gained mutation: Armour fits poorly on your strangely
                  | shaped body. [potion of mutation]
 14698 | Lair:3   | Gained mutation: You evolve. [potion of mutation]
 15276 | Lair:4   | Noticed Snorg
 15596 | Lair:3   | Killed Snorg
 15596 | Lair:3   | Reached skill level 10 in Invocations
 16017 | Lair:4   | You fall into a shaft and drop 2 floors!
 16017 | Lair:6   | Entered Level 6 of the Lair of Beasts
 16699 | Lair:6   | Found a runed translucent gate.
 16699 | Lair:6   | Found a runed translucent gate.
 16699 | Lair:6   | Found a runed translucent gate.
 16731 | Lair:6   | Noticed GsBirdie's ghost (journeyman MiBe)
 17359 | Lair:6   | Reached XP level 14. HP: 105/111 MP: 26/26
 17774 | Lair:6   | Reached skill level 10 in Axes
 17774 | Lair:6   | Reached skill level 10 in Armour
 18145 | Lair:4   | Got a twisted war axe
 18146 | Lair:4   | Identified the +4 war axe of Watchfulness {flame, SInv
                  | Stlth+} (You found it on level 4 of the Lair of Beasts)
 18640 | Lair:5   | Got a shimmering leather armour
 18641 | Lair:5   | Identified the +2 leather armour "Hyraakep" {Rampage rN+
                  | rCorr} (You found it on level 5 of the Lair of Beasts)
 18680 | Lair:5   | Found a staircase to the Slime Pits.
 20430 | Lair:6   | Gained mutation: You are partially covered in slimy green
                  | scales. (AC +2) [evolution]
 21358 | Lair:6   | Killed GsBirdie's ghost
 22130 | D:10     | Identified the +3 chain mail of Makhleb's Favour {+Fly
                  | Str+4}
 22887 | D:10     | Found a portal to a secret trove of treasure.
 23945 | D:12     | Found a gate leading to a gauntlet.
 23960 | D:12     | Reached skill level 10 in Dodging
 23961 | D:12     | Reached ****** piety under Lugonu
 23989 | D:12     | Reached XP level 15. HP: 59/119 MP: 28/28
 24012 | Gauntlet | Entered a Gauntlet
 24012 | Gauntlet | Found a transporter.
 24012 | Gauntlet | Found a transporter.
 24078 | Gauntlet | Identified the +6 battleaxe of Rioruc {elec, +Rage rPois
                  | rN+ Int-5}
 24197 | Gauntlet | Found a transporter.
 24200 | Gauntlet | Found a transporter.
 24201 | Gauntlet | Found a transporter.
 24203 | Gauntlet | Found a transporter.
 24229 | Gauntlet | Found a transporter.
 24229 | Gauntlet | Found a runed translucent gate.
 24231 | Gauntlet | Found a runed translucent gate.
 24231 | Gauntlet | Found a transporter.
 24232 | Gauntlet | Found a runed translucent gate.
 24232 | Gauntlet | Found a transporter.
 24234 | Gauntlet | Found a transporter.
 24242 | Gauntlet | Found a transporter.
 24247 | Gauntlet | Found a transporter.
 24259 | Gauntlet | Corrupted Gauntlet
 24667 | Gauntlet | Identified the Catalogue of Confrontation and Flames
 24894 | Gauntlet | Got a heavily runed ivory ring
 25611 | D:12     | Found a staircase to the Orcish Mines.
 26034 | D:13     | Found a gate to the Vaults.
 26278 | D:12     | Reached skill level 10 in Short Blades
 26278 | D:12     | Reached skill level 10 in Long Blades
 26278 | D:12     | Reached skill level 10 in Maces & Flails
 26278 | D:12     | Reached skill level 10 in Polearms
 26278 | D:12     | Reached skill level 10 in Staves
 26278 | D:12     | Reached skill level 10 in Slings
 26278 | D:12     | Reached skill level 10 in Bows
 26278 | D:12     | Reached skill level 10 in Crossbows
 26278 | D:12     | Reached skill level 10 in Throwing
 26278 | D:12     | Reached skill level 10 in Stealth
 26278 | D:12     | Reached skill level 10 in Shields
 26278 | D:12     | Reached skill level 10 in Unarmed Combat
 26278 | D:12     | Reached skill level 10 in Spellcasting
 26278 | D:12     | Reached skill level 10 in Evocations
 27504 | D:14     | Found a stormy altar of Qazlal.
 27570 | D:14     | Got a slimy falchion
 27571 | D:14     | Identified the cursed +1 falchion of Valiance {elec, rF+
                  | Str-4 Dex+7} (You found it on level 14 of the Dungeon)
 27576 | D:14     | Identified the ring "Ytoiruwk" {Int+2 Stlth-} (You found it
                  | in a Gauntlet)
 27690 | D:14     | Noticed Josephine
 27703 | D:14     | Killed Josephine
 28172 | D:14     | Noticed Nessos
 28175 | D:14     | Killed Nessos
 28314 | D:15     | Entered Level 15 of the Dungeon
 28475 | D:15     | Gained mutation: You possess an exceptional clarity of
                  | mind. [evolution]
 28525 | D:15     | Found a staircase to the Depths.
 28623 | D:15     | Noticed Kirke
 28637 | D:15     | Noticed a sphinx
 28638 | D:15     | Killed Kirke
 28704 | D:15     | Found a basalt altar of Yredelemnul.
 28939 | D:15     | Reached XP level 16. HP: 114/127 MP: 30/30
 29728 | Orc:1    | Entered Level 1 of the Orcish Mines
 29815 | Orc:2    | Entered Level 2 of the Orcish Mines
 29815 | Orc:2    | Found a staircase to the Elven Halls.
 29815 | Orc:2    | Found a roughly hewn altar of Beogh.
 29815 | Orc:2    | Noticed Azrael
 29840 | Orc:1    | Killed Azrael
 30796 | Orc:1    | Found a roughly hewn altar of Beogh.
 31566 | Orc:2    | Found a radiant altar of Vehumet.
 31854 | Orc:2    | Found Jeq Hiegg's General Store.
 31854 | Orc:2    | Found Xyar's Distillery.
 31901 | Orc:2    | Gained mutation: Your muscles are strong. (Str +2)
                  | [evolution]
 32131 | Orc:2    | Found Lenyvvoj's Distillery.
 32131 | Orc:2    | Found Qiplu's General Store.
 32137 | Orc:2    | Bought a potion of curing for 51 gold pieces
 32137 | Orc:2    | Bought a potion of heal wounds for 85 gold pieces
 32142 | Orc:2    | Bought a +1 plate armour of poison resistance for 512 gold
                  | pieces
 32534 | Snake:1  | Entered Level 1 of the Snake Pit
 34206 | Lair:3   | HP: 6/129 [poisoned by a naga mage (bolt of poison)]
 34211 | Lair:3   | HP: 6/129 [poisoned by a naga mage (bolt of poison)]
 35190 | Snake:1  | You fall into a shaft and drop 1 floor!
 36013 | Snake:1  | You fall into a shaft and drop 1 floor!
 36013 | Snake:2  | Noticed a nagaraja
 36026 | Snake:2  | Killed a nagaraja
 36026 | Snake:2  | Reached XP level 17. HP: 48/135 MP: 32/32
 36362 | Snake:2  | Found a shimmering altar of Xom.
 39133 | Snake:2  | Gained mutation: You are clumsy. (Dex -2) [evolution]
 39910 | Snake:3  | Found a shadowy altar of Dithmenos.
 41116 | Snake:3  | Noticed Nikola
 42149 | Snake:3  | Escaped the Abyss
 42282 | Snake:2  | Killed from afar by Nikola

Illustrated notes

Levels and vault maps discovered:
D:1:      shiori_shiawase, layout_basic, nrook_mini_vaults
D:2:      layout_basic
D:3:      layout_basic, minivault_25, lemuel_old_faithful
D:4:      layout_gridville, lightli_temple_of_fire, grunt_gozag_statues,
          kennysheep_mini, minitemple, fedhas_altar_3
D:5:      layout_basic, nicolae_overflow_hidden_temple,
          minmay_temple_entry_fiery, st_stairs_10, cheibrodos_ashenzari_chains
D:6:      layout_cave_pools, zin_statuary, serial_shops,
          nicolae_shop_behind_doors, shop, uniq_pikel
D:7:      layout_basic, basic_altar, serial_shops, nicolae_shop_crystal,
          uniq_menkaure
D:8:      layout_basic, gammafunk_temple_overflow_elements, lair_entry_dummy
D:9:      layout_rooms, tso_altar, lemuel_doored_altar, uniq_gastronok,
          uniq_erica
D:10:     layout_gridville, enter_trove_5, minmay_misc_feat_room,
          minmay_nine_imps
D:11:     layout_small_grid
D:12:     layout_roguey, david_orc_4, gauntlet_entry_generic,
          grunt_decor_arrowhead, minmay_misc_feat_cross
D:13:     layout_basic, erik_vaults_2, chequers_serial_rivers_small_b,
          minmay_crystal_water, roderic_batcave
D:14:     layout_cave_pools, basic_altar, uniq_nessos, uniq_josephine
D:15:     grunt_enter_depths_snipers, layout_irregular_city, hex_tiny,
          lemuel_mausoleum_altar_yredelemnul, uniq_kirke
Lair:1:   minmay_lair_venomous_thicket, layout_chaotic_city, fungi_pond_lemuel,
          serial_bayou_pond_b, grunt_megastairs_5, serial_bayou_shore_a
Lair:2:   layout_long_grid, small_statue_intersection, minmay_lair_oklob_bushes,
          worms_lemuel, wad_woods_river_01, lemuel_fruit_tree,
          serial_bayou_shore_b
Lair:3:   layout_hall_layers, minmay_shoals_entry_hut,
          minmay_snake_entry_six_corridors, special_room [special_room_bee],
          grunt_forest_stairs_clearing
Lair:4:   layout_misc_corridors, grunt_megastairs_3,
          infiniplex_staircase_pool_2, uniq_snorg
Lair:5:   layout_loops_ring, minmay_slime_entry_oklob_enclosed
Lair:6:   minmay_lair_end_frog_pond, layout_hall_layers,
          gammafunk_ghost_necromancy, grunt_megastairs_4
Snake:1:  layout_rooms, evilmike_ambush [evilmike_ambush_outer_corners,
          evilmike_ambush_inner_pond]
Snake:2:  skrybe_snakes_to_sticks, layout_cave_pods
Snake:3:  layout_layer_cave, basic_altar, uniq_nikola
Orc:1:    layout_diamond_mine, basic_altar
Orc:2:    grunt_orc_tribal_feast, layout_caves, hangedman_feature_mirror,
          nooodl_orcs_dogs, uniq_azrael

Skill      XL: |  1  2  3  4  5  6  7  8  9 10 11 12 13 14 15 16 17 |
---------------+----------------------------------------------------+-----
Short Blades   | 1 2 3 4 5 6 7 8 9 10 11 | 11.6
Long Blades    | 1 2 3 4 5 6 7 8 9 10 11 | 11.6
Maces & Flails | 1 2 3 4 5 6 7 8 9 10 11 | 11.6
Polearms       | 1 2 3 4 5 6 7 8 9 10 11 | 11.6
Staves         | 1 2 3 4 5 6 7 8 9 10 11 | 11.6
Slings         | 1 2 3 4 5 6 7 8 9 10 11 | 11.6
Bows           | 1 2 3 4 5 6 7 8 9 10 11 | 11.6
Crossbows      | 1 2 3 4 5 6 7 8 9 10 11 | 11.6
Throwing       | 1 2 3 4 5 6 7 8 9 10 11 | 11.6
Stealth        | 1 2 3 4 5 6 7 8 9 10 11 | 11.6
Shields        | 1 2 3 4 5 6 7 8 9 10 11 | 11.6
Unarmed Combat | 1 2 3 4 5 6 7 8 9 10 11 | 11.6
Spellcasting   | 1 2 3 4 5 6 7 8 9 10 11 | 11.6
Evocations     | 1 2 3 4 5 6 7 8 9 10 11 | 11.6
Conjurations   | 1 2 3 4 5 6 7 8 9 |  9.9
Hexes          | 1 2 3 4 5 6 7 8 9 |  9.9
Summonings     | 1 2 3 4 5 6 7 8 9 |  9.9
Necromancy     | 1 2 3 4 5 6 7 8 9 |  9.9
Translocations | 1 2 3 4 5 6 7 8 9 |  9.9
Transmutations | 1 2 3 4 5 6 7 8 9 |  9.9
Fire Magic     | 1 2 3 4 5 6 7 8 9 |  9.9
Ice Magic      | 1 2 3 4 5 6 7 8 9 |  9.9
Air Magic      | 1 2 3 4 5 6 7 8 9 |  9.9
Earth Magic    | 1 2 3 4 5 6 7 8 9 |  9.9
Poison Magic   | 1 2 3 4 5 6 7 8 9 |  9.9
Dodging        | 3 4 5 6 7 8 9 10 11 | 11.9
Invocations    | 5 6 7 8 9 10 11 12 13 | 13.2
Axes           | 5 6 7 8 9 10 11 12 | 12.4
Armour         | 5 6 7 8 9 10 11 12 | 12.4
Fighting       | 7 8 9 10 11 12 13 | 13.1

Action                   |  1- 3 |  4- 6 |  7- 9 | 10-12 | 13-15 | 16-18 || total
-------------------------+-------+-------+-------+-------+-------+-------++-------
Melee: Hand axe          |    93 |   128 |   281 |   680 |   561 |   926 ||  2669
       Bite              |     9 |    11 |    35 |   124 |   211 |   177 ||   567
       War axe           |       |       |       |       |   692 |       ||   692
Throw: Dart              |       |     3 |     5 |     9 |   135 |    32 ||   184
Invok: Depart the Abyss  |     1 |       |       |       |       |     1 ||     2
       Banish            |       |       |       |     5 |     9 |    21 ||    35
       Bend Space        |       |       |       |       |     2 |       ||     2
       Corrupt           |       |       |       |       |     1 |       ||     1
       Enter the Abyss   |       |       |       |       |       |     1 ||     1
Evoke: Wand              |       |       |       |     8 |       |       ||     8
  Use: Scroll            |     3 |    13 |    12 |     7 |    25 |    10 ||    70
       Potion            |       |       |     1 |     4 |     9 |    12 ||    26
 Stab: Sleeping          |       |       |       |       |    21 |       ||    21
       Distracted        |       |       |       |       |       |     1 ||     1
Armor: Plate armour      |    82 |    95 |   175 |   424 |   264 |   165 ||  1205
       Chain mail        |       |       |       |       |   198 |   149 ||   347
Dodge: Dodged            |    22 |    15 |    59 |   229 |   427 |   371 ||  1123
Block: Kite shield       |     9 |    66 |   159 |   470 |   959 |  1078 ||  2741
       Reflection        |       |       |       |       |    36 |   107 ||   143

Table legend: (Time is in decaauts)
 A = Elapsed time spent in this place.
 B = Non-inter-level travel time spent in this place.
 C = Inter-level travel time spent in this place.
 D = Time resting spent in this place.
 E = Time spent auto-exploring this place.
 F = Levels seen in this place.
 G = Mean time per level.
                   A        B        C        D        E       F      G
               +--------+--------+--------+--------+--------+-----+--------+
         Total |  42105 |  41108 |    997 |  17467 |  15516 |  31 | 1358.2 |
       Dungeon |  15988 |  15345 |    643 |   3238 |   8801 |  15 | 1065.9 |
          Lair |  15030 |  14781 |    249 |   7555 |   4590 |   6 | 2505.0 |
     Snake Pit |   6957 |   6908 |     49 |   4720 |   1170 |   3 | 2319.0 |
  Orcish Mines |   2556 |   2501 |     55 |   1033 |    884 |   2 | 1278.0 |
         Abyss |    331 |    331 |      0 |    131 |     60 |   4 |   82.8 |
      Gauntlet |   1241 |   1241 |      0 |    788 |     11 |   1 | 1241.0 |
               +--------+--------+--------+--------+--------+-----+--------+

Top non-repeatable levels by time:
  Lair:3: 4724 daAuts
 Snake:2: 4199 daAuts
  Lair:6: 3888 daAuts
  Lair:2: 2364 daAuts
  Lair:1: 1633 daAuts
    D:12: 1539 daAuts
 Snake:1: 1534 daAuts
   Orc:2: 1460 daAuts
  Lair:5: 1457 daAuts
     D:8: 1355 daAuts
    D:10: 1351 daAuts
     D:5: 1323 daAuts
    D:15: 1286 daAuts
Gauntlet: 1241 daAuts
 Snake:3: 1222 daAuts
